 Dungeon Crawl Stone Soup version 0.31.0-1-g2c135a008e (webtiles) character file.

Game seed: 2822254784951357735

666 qw the Shooter (level 7, -13/52 HPs)
             Began as a Djinni Hunter on Jan 23, 2024.
             Was an Initiate of Okawaru.
             Killed by divine providence
             ... invoked by an orc priest
              (15 damage)
             ... on level 5 of the Dungeon.
             The game lasted 00:00:16 (3351 turns).

qw the Shooter (Djinni Hunter)                      Turns: 3351, Time: 00:00:17

Health: -13/52     AC:  5    Str: 10    XL:     7   Next: 88%
Gold:   248        EV: 19    Int: 10    God:    Okawaru [......] SH:  0 Dex: 19

rFire   + + .        a - +2 shortbow
rCold   x . .        (shield currently unavailable)
rNeg    . . .        c - +0 leather armour
rPois   inf          j - +1 helmet
rElec   .            (no cloak)
rCorr   .            (no gloves)
SInv    .            (boots unavailable)
Will    .....        (no amulet)
Stlth   ++           b - +5 ring of evasion
HPRegen 0.28/turn    (no ring)
MPRegen 0.00/turn

%: infuse magic (-14 HP)
@: flying
A: sickness immunity, fire resistance 2, cold vulnerability 1, float, innate
caster, HP casting, extra vitality 1, teleportitis 1, evolution 1
a: Renounce Religion


You were on level 5 of the Dungeon.
You worshipped Okawaru.
Okawaru was noncommittal.
You visited 2 branches of the dungeon, and saw 6 of its levels.

You collected 248 gold pieces.


Innate Abilities, Weirdness & Mutations

You are immune to sickness and miasma.
You are immune to poison.
Your flesh is very heat resistant. (rF++)
You are vulnerable to cold. (rC-)
You float through the air rather than walking.
You learn spells naturally, not from books.
Your magical power is your life essence.
You have superior vitality. (+4 MHP)
You are occasionally teleported next to monsters.
You have hidden genetic potential.


   Skills:
 - Level 4.3 Fighting
 + Level 5.8 Ranged Weapons
 - Level 1.3 Armour
 - Level 4.4 Dodging
 - Level 0.7 Stealth


You knew the following spells:

 Your Spells              Type           Power      Damage    Failure   Level
a - Sting                 Conj/Alch      0%         1d3       45%         1
b - Momentum Strike       Conj/Tloc      0%         3d8       58%         2
c - Ensorcelled Hibernat  Hex/Ice        0%         N/A       58%         2
Your spell library was empty.

Inventory:

Hand Weapons
 a - a +2 shortbow (weapon)
Armour
 c - a +0 leather armour (worn)
 h - a +0 ring mail
 j - a +1 helmet (worn)
Jewellery
 b - a +5 ring of evasion (left hand)
 d - an amulet of faith
Scrolls
 f - a scroll of identify
Potions
 e - a potion of magic {unknown}
 g - a potion of curing {unknown}
 i - a potion of cancellation {unknown}
 k - a potion of ambrosia {unknown}

Dungeon Overview and Level Annotations

Branches:
Dungeon (5/15)             Temple (1/1) D:4

Altars:
Ashenzari
Cheibriados
Elyvilon
Fedhas
Nemelex Xobeh
Okawaru
Qazlal
Ru
Trog
Uskayaw
Xom
Yredelemnul
The Shining One

Shops:
D:5 (

Annotations:
D:5 Blork the orc


Message History

The magic dart hits you.
You shoot an arrow.
The arrow hits the orc wizard but does no damage.
The orc wizard is severely wounded.
Blork the orc hits you with a +0 hand axe.
The orc wizard misses you.
The orc priest hits you but does no damage.
Blork the orc completely misses you.
You shoot an arrow. The arrow hits the orc wizard!
You kill the orc wizard!
Okawaru accepts your kill. Blork the orc casts a spell at you.
The puff of frost misses you.
The orc priest hits you with a +0 dagger.
The orc priest hits you but does no damage.
Blork the orc hits you with a +0 hand axe!
You shoot an arrow.
The arrow hits Blork the orc but does no damage.
Blork the orc closely misses you.
The orc priest hits you but does no damage.
You shoot an arrow. The arrow barely misses Blork the orc.
Blork the orc closely misses you.
Blork the orc looks satisfied for a moment.
The orc priest misses you.
You shoot an arrow. The arrow hits Blork the orc!
Blork the orc is moderately wounded.
Blork the orc misses you.
The orc priest mumbles some strange prayers to Beogh against you.
Beogh smites you!
Blork the orc hits you with a +0 hand axe.
You shoot an arrow.
The arrow hits Blork the orc but does no damage.
Blork the orc is moderately wounded.
Blork the orc closely misses you. The orc priest barely misses you.
You shoot an arrow. The arrow hits Blork the orc.
Blork the orc is heavily wounded.
Blork the orc closely misses you.
The orc priest invokes the aid of Beogh against you.
Beogh smites you!
You die...

.....#..###.###.#..
........###?.......#.##.
....##..........#....#..
............#...#.......
............#......?....
...............# .......
...........)...##.......
#.##########....o.......
#. ... #..##@o....#
#.### #..#..).#### # (.
#.........# .#
#............ #.\
#.#......##....
####.#.#.....## ....
#.#......# ... #
#........ .. #........>


You could see Blork the orc (fast) and an orc priest.

Vanquished Creatures
  Sigmund (D:3)
  A phantom (D:5)
  A bullfrog (D:4)
  A scorpion (D:4)
  A hound (D:4)
  A jelly (D:4)
  An orc wizard (D:5)
  Robin (D:2)
  3 gnolls (D:4)
  7 adders
  A shadow imp (D:3)
  3 ribbon worms
  A dart slug (D:4)
  6 orcs (D:5)
  15 ball pythons
  2 endoplasms
  9 hobgoblins
  3 jackals (D:3)
  4 quokkas
  8 bats
  2 frilled lizards
  14 goblins
  8 kobolds
  23 rats
117 creatures vanquished.

Notes
Turn   | Place    | Note
-------+----------+-------------------------------------------
     0 | D:1      | qw the Djinni Hunter began the quest for the Orb.
     0 | D:1      | Reached XP level 1. HP: 18/18 MP: 0/0
     0 | D:1      | 0 ||| qw: Version: 0.3-a-134-g2ba4250
     0 | D:1      | 0 ||| qw: Game counter: 720
     0 | D:1      | 0 ||| qw: Melee chars always use a shield: true
     0 | D:1      | 0 ||| qw: God list: Okawaru
     0 | D:1      | 0 ||| qw: Allow faded altars: false
     0 | D:1      | 0 ||| qw: Do Orc after clearing Dungeon:15 true
     0 | D:1      | 0 ||| qw: Do second Lair branch before Depths: true
     0 | D:1      | 0 ||| qw: Lair rune preference: random
     0 | D:1      | 0 ||| qw: Goals: Normal
     0 | D:1      | 0 ||| PLANNING D:1-11
    84 | D:1      | Reached XP level 2. HP: 23/23 MP: 0/0
   471 | D:1      | 471 ||| READING scroll labelled UMALILE ECAPS.
   472 | D:1      | 472 ||| READING scroll labelled VOAKLOG NYNA.
   472 | D:1      | 472 ||| ENCHANTING +0 shortbow.
   473 | D:1      | 473 ||| READING scroll labelled LIXKORRAER.
   474 | D:1      | 474 ||| DROPPING scroll of butterflies.
   501 | D:2      | Reached XP level 3. HP: 28/28 MP: 0/0
   501 | D:2      | Learned a level 1 spell: Sting
   504 | D:2      | Reached skill level 4 in Ranged Weapons
   823 | D:2      | Reached skill level 3 in Fighting
   823 | D:2      | Reached XP level 4. HP: 28/35 MP: 0/0
  1079 | D:2      | Reached skill level 3 in Dodging
  1125 | D:2      | Noticed Robin
  1130 | D:2      | Killed Robin
  1132 | D:2      | Reached XP level 5. HP: 40/40 MP: 0/0
  1132 | D:2      | Learned a level 2 spell: Momentum Strike
  1170 | D:2      | 1170 ||| FLEEEEING.
  1368 | D:2      | Found a sacrificial altar of Ru.
  1492 | D:2      | 1492 ||| UPGRADING to +0 helmet.
  1497 | D:2      | 1497 ||| DROPPING +6 ring of intelligence.
  1498 | D:2      | 1498 ||| READING 2 scrolls labelled LUKKYF RIAPH.
  1498 | D:2      | 1498 ||| IDENTIFYING smoky green potion
  1499 | D:2      | 1499 ||| READING scroll of identify.
  1499 | D:2      | 1499 ||| IDENTIFYING dark potion
  1500 | D:2      | 1500 ||| READING scroll labelled KOJAGI NUSMIH.
  1601 | D:2      | 1601 ||| READING scroll labelled NUTACZ JASM.
  1601 | D:2      | 1601 ||| ENCHANTING +0 helmet.
  1602 | D:2      | 1602 ||| DROPPING potion of lignification.
  1603 | D:2      | 1603 ||| DROPPING potion of degeneration.
  2045 | D:3      | 2045 ||| READING scroll of enchant weapon.
  2045 | D:3      | 2045 ||| ENCHANTING +1 shortbow.
  2053 | D:3      | Noticed Sigmund
  2064 | D:3      | Killed Sigmund
  2065 | D:3      | Reached skill level 5 in Ranged Weapons
  2065 | D:3      | Reached XP level 6. HP: 17/46 MP: 0/0
  2380 | D:3      | 2380 ||| UPGRADING to +5 ring of evasion.
  2476 | D:4      | 2476 ||| RETREEEEATING.
  2477 | D:4      | 2477 ||| RETREEEEATING.
  2479 | D:4      | 2479 ||| RETREEEEATING.
  2488 | D:4      | Reached skill level 1 in Armour
  2495 | D:4      | Reached XP level 7. HP: 15/50 MP: 0/0
  2495 | D:4      | Learned a level 2 spell: Ensorcelled Hibernation
  2495 | D:4      | HP: 9/50 [gnoll/+0 halberd (6)]
  2650 | D:4      | Found a staircase to the Ecumenical Temple.
  2651 | D:4      | 2651 ||| PLANNING TEMPLE
  2651 | D:4      | 2651 ||| READING scroll labelled VOEMES COLULOO.
  2660 | Temple   | Entered the Ecumenical Temple
  2661 | Temple   | 2661 ||| PLANNING OKAWARU WORSHIP
  2683 | Temple   | Became a worshipper of Warmaster Okawaru
  2684 | Temple   | 2684 ||| PLANNING D:1-11
  3099 | D:4      | 3099 ||| READING scroll of identify.
  3099 | D:4      | 3099 ||| IDENTIFYING silvery potion
  3100 | D:4      | 3100 ||| DRINKING potion of mutation.
  3100 | D:4      | Gained mutation: You are occasionally teleported next to
                  | monsters. [potion of mutation]
  3100 | D:4      | Gained mutation: You have hidden genetic potential. [potion
                  | of mutation]
  3101 | D:4      | 3101 ||| READING scroll labelled CUTOCIESHR WUNLENOA.
  3216 | D:5      | Entered Level 5 of the Dungeon
  3316 | D:5      | Found Miosod's Antique Weapon Emporium.
  3331 | D:5      | Noticed Blork the orc
  3349 | D:5      | HP: 6/52 [orc priest/divine providence (12)]
  3349 | D:5      | HP: 1/52 [Blork the orc/+0 hand axe (5)]
  3351 | D:5      | Killed from afar by an orc priest

Levels and vault maps discovered:
D:1:      ebering_trefoil_twist, layout_basic, minmay_shallow_snake_nest
D:2:      wad_river_or_something, layout_basic, basic_altar, minmay_rat_hole,
          uniq_robin
D:3:      layout_basic, uniq_sigmund
D:4:      layout_cave_pools, temple_statues, dreamdust_gnoll_farm
D:5:      layout_cave_pools, mainiacjoe_overflow_surrounded_room, serial_shops,
          nicolae_inconvenience_store, nicolae_nh_oracle_at_delphi,
          uniq_blork_the_orc
Temple:   minmay_temple_curvy_branch

Skill      XL: |  1  2  3  4  5  6  7 |
---------------+----------------------+-----
Ranged Weapons | 4 5 |  5.8
Fighting       | 3 4 |  4.3
Dodging        | 3 4 |  4.4
Armour         | 1 |  1.3
Stealth        | |  0.7

Action                     |  1- 3 |  4- 6 |  7- 9 || total
---------------------------+-------+-------+-------++-------
   Fire: Shortbow          |    92 |   197 |    78 ||   367
    Use: Scroll            |     3 |     5 |     3 ||    11
         Potion            |       |       |     1 ||     1
 Armour: Leather armour    |    22 |    77 |    19 ||   118
  Dodge: Dodged            |    26 |    94 |    38 ||   158

Table legend:
 A = Non-vault XP
 B = Vault XP
 C = Vault XP percentage of total XP
 D = Non-vault monster count
 E = Vault monster count
 F = Vault count percentage of total count
                 A         B        C        D         E       F
            +---------+---------+-------+---------+---------+-------
      Total |     578 |     374 |  39.3 |      77 |      40 |  34.2
            +---------+---------+-------+---------+---------+-------
        D:1 |      24 |       4 |  14.3 |      15 |       2 |  11.8
        D:2 |      66 |      71 |  51.8 |      17 |      33 |  66.0
        D:3 |      83 |     214 |  72.1 |      20 |       1 |   4.8
        D:4 |     241 |      85 |  26.1 |      17 |       4 |  19.0
        D:5 |     164 |       0 |   0.0 |       8 |       0 |   0.0
            +---------+---------+-------+---------+---------+-------
